 Dungeon Crawl Stone Soup version 0.29-a0-88-g03a7b78be7 (webtiles) character file.

Game seed: 10953403671496473029

508 lordive the Ruffian (level 6, -1/63 HPs)
             Began as a Troll Warper on Feb 5, 2022.
             Was a Follower of Cheibriados.
             Slain by an adder (2 damage)
             ... in a sewer.
             The game lasted 00:04:51 (1678 turns).

lordive the Ruffian (Troll Warper)                  Turns: 1678, Time: 00:04:54

Health: -1/63      AC:  4    Str: 23    XL:     6   Next: 98%
Magic:  7/7        EV: 10    Int: 14    God:    Cheibriados [*.....]
Gold:   161        SH:  0    Dex: 12    Spells: 8/8 levels left

rFire   . . .      SeeInvis .     - Unarmed
rCold   . . .      Faith    .   (no shield)
rNeg    . . .      Spirit   .   a - +0 robe
rPois   .          Reflect  .   (helmet restricted)
rElec   .          Harm     .   (no cloak)
rCorr   .          Rampage  .   (gloves unavailable)
Will    .....                   (boots unavailable)
Stlth   +.........              (no amulet)
HPRegen 1.00/turn               (no ring)
MPRegen 0.10/turn               (no ring)

@: brilliant, lethally poisoned (-1 -> -1), attractive, flying, invisible, very
slow
A: large, unfitting armour, claws 3, regeneration 1, shaggy fur 1, tough skin 1,
deterioration 2, robust 1
a: Renounce Religion, Bend Time


You were in a sewer.
You worshipped Cheibriados.
Cheibriados was aware of your devotion.
You visited 2 branches of the dungeon, and saw 6 of its levels.
You also visited: Sewer.

You collected 161 gold pieces.

Inventory:

Missiles
 c - 5 boomerangs of dispersal (quivered)
 n - 5 boomerangs
Armour
 a - a +0 robe (worn)
Jewellery
 f - a ring of magical power
Wands
 o - a wand of polymorph (9)
Scrolls
 b - a scroll of blinking
 g - a scroll of teleportation {unknown}
 h - 3 scrolls of immolation {unknown}
 i - 2 scrolls of summoning {unknown}
 j - a scroll of amnesia {unknown}
 p - 2 scrolls of fear {unknown}
Potions
 k - a potion of flight
 l - a potion of mutation
 q - a potion of heal wounds {unknown}


   Skills:
 + Level 2.3 Fighting
 - Level 0.8 Throwing
 + Level 3.0 Dodging
 + Level 0.3 Stealth
 + Level 5.0 Unarmed Combat
 + Level 1.5 Spellcasting
 * Level 3.6 Translocations


You had 8 spell levels left.
You didn't know any spells.
Your spell library contained the following spells:

 Spells                   Type           Power      Damage    Failure   Level
 Blink                    Tloc           34%        N/A       9%          2
 Gell's Gravitas          Tloc           17%        N/A       17%         3
 Lesser Beckoning         Tloc           17%        N/A       17%         3
 Teleport Other           Tloc           17%        N/A       17%         3
 Ozocubu's Armour         Ice            1%         N/A       58%         3
 Manifold Assault         Tloc           17%        N/A       83%         5
 Metabolic Englaciation   Hex/Ice        0%         N/A       100%        5
 Dispersal                Tloc           8%         N/A       100%        6
 Simulacrum               Ice/Necr       0%         N/A       100%        6


Dungeon Overview and Level Annotations

Branches:
Dungeon (5/15)             Temple (1/1) D:5           Sewer (1/1)

Altars:
Cheibriados
Gozag
Hepliaklqana
Qazlal
Ru
Sif Muna
Wu Jian
Xom


Innate Abilities, Weirdness & Mutations

You are too large for most types of armour.
You have claws for hands.
Your natural rate of healing is unusually fast.
You are covered in fur. (AC +1)
You have tough skin. (AC +1)
Your body often deteriorates upon taking damage.
You are robust. (+10% HP)


Message History

You feel sick. The bullfrog barely misses you.
The ball python barely misses you. The ball python closely misses you.
The adder closely misses you. The bullfrog barely misses you.
The adder bites you but does no damage. The ball python closely misses you.
Okay, then.
You closely miss the bullfrog.
You feel sick. The ball python bites you. The bullfrog completely misses you.
The adder barely misses you. The adder bites you but does no damage.
The ball python barely misses you.
The ball python bites you but does no damage.
The ball python bites you.
You scratch the bullfrog.
The bullfrog is lightly wounded.
You feel sick. The bullfrog barely misses you. The bullfrog hits you!
* * * LOW HITPOINT WARNING * * *
Unknown command.
It was a potion of flight.
You feel very buoyant.
You fly up into the air.
You feel sick. The adder closely misses you.
The ball python barely misses you. x2; The bullfrog hits you.
* * * LOW HITPOINT WARNING * * *
The adder bites you but does no damage. The ball python closely misses you. x2
It was a potion of mutation.
You feel extremely strange.
You feel yourself wasting away.
You feel your body start to fall apart.
You feel robust.
You feel sick. The bullfrog hits you.
* * * LOW HITPOINT WARNING * * *
The adder bites you but does no damage.
The ball python bites you but does no damage.
The adder bites you.
* * * LOW HITPOINT WARNING * * *
The bullfrog misses you. The ball python misses you.
The ball python barely misses you. The ball python closely misses you.
Okay, then.
It was a potion of attraction.
You feel attractive to monsters.
You feel sick. The adder barely misses you.
The ball python completely misses you. The bullfrog hits you.
* * * LOW HITPOINT WARNING * * *
The adder bites you.
You die...

#..'....# #..#....#
####†..##
##################....#
.#≈≈≈≈≈≈≈≈≈≈≈≈≈≈≈#.....#
..≈≈≈≈≈≈≈≈≈≈≈≈≈≈≈.....##
S≈#≈≈≈≈≈≈≈≈≈≈≈≈≈≈.....#
..≈≈≈≈≈≈SFS≈≈≈≈≈≈≈....#
..≈≈≈≈≈FS@S#≈≈≈≈≈....##
.#≈≈≈≈≈SSS≈≈≈≈≈≈≈..###
###################


You could see 2 bullfrogs, 2 adders and 5 ball pythons.

Vanquished Creatures
  A wyvern zombie (D:5)
  2 scorpions
  A centaur zombie (D:5)
  2 hounds (D:4)
  A jelly (D:5)
  2 hound skeletons (D:4)
  8 adders
  5 river rats
  An adder skeleton (D:4)
  A dart slug (D:5)
  2 worms
  8 ball pythons
  2 bats
  An endoplasm (D:4)
  2 giant cockroaches
  6 goblins
  3 hobgoblins
  2 jackals (D:5)
  2 quokkas
  2 frilled lizards
  3 kobolds
  27 rats
84 creatures vanquished.

Notes
Turn   | Place    | Note
-------+----------+-------------------------------------------
     0 | D:1      | lordive the Troll Warper began the quest for the Orb.
     0 | D:1      | Reached XP level 1. HP: 19/19 MP: 1/1
   169 | D:2      | Reached XP level 2. HP: 27/27 MP: 3/3
   501 | D:4      | Noticed a scorpion
   510 | D:4      | Killed a scorpion
   511 | D:4      | Reached XP level 3. HP: 17/35 MP: 4/4
   511 | D:4      | Reached XP level 4. HP: 20/42 MP: 5/5
   531 | D:4      | Reached skill level 3 in Unarmed Combat
   762 | D:4      | Reached XP level 5. HP: 22/49 MP: 6/6
  1092 | D:5      | Entered Level 5 of the Dungeon
  1151 | D:5      | Reached skill level 4 in Unarmed Combat
  1151 | D:5      | Reached XP level 6. HP: 44/57 MP: 7/7
  1195 | D:5      | Found a staircase to the Ecumenical Temple.
  1204 | Temple   | Entered the Ecumenical Temple
  1213 | Temple   | Became a worshipper of Cheibriados the Contemplative
  1316 | D:5      | Found a glowing drain.
  1329 | Sewer    | Entered a sewer
  1460 | Sewer    | Reached * piety under Cheibriados
  1669 | Sewer    | Reached skill level 5 in Unarmed Combat
  1677 | Sewer    | Gained mutation: Your body sometimes deteriorates upon
                  | taking damage. [potion of mutation]
  1677 | Sewer    | Gained mutation: Your body often deteriorates upon taking
                  | damage. [potion of mutation]
  1677 | Sewer    | Gained mutation: You are robust. (+10% HP) [potion of
                  | mutation]
  1677 | Sewer    | HP: 3/63 [adder (2)]
  1678 | Sewer    | HP: 1/63 [bullfrog (2)]
  1678 | Sewer    | Slain by an adder

Illustrated notes

Levels and vault maps discovered:
D:1:      ldierk_walled_garden_2, layout_loops_corners
D:2:      layout_rooms, corner_web_ring, minmay_strange_pillars
D:3:      layout_loops_corners, chequers_mini_garden, serial_bayou_pond_c,
          kennysheep_another_room
D:4:      layout_basic
D:5:      layout_cave_pools, minmay_temple_entry_nine_rooms,
          gup_sewer_entry_bubbles, serial_shops, shop, serial_bayou_pond_e,
          minmay_misc_feat_more_columns, minmay_liquid_box,
          minmay_manual_monolith, uniq_grinder
Temple:   compressed_dpeg_triangle_lava_temple
Sewer:    sewer_minmay_w

Skill      XL: |  1  2  3  4  5  6 |
---------------+-------------------+-----
Dodging        | 2 3 |  3.0
Translocations | 3 |  3.6
Unarmed Combat | 3 4 5 |  5.0
Fighting       | 2 |  2.3
Throwing       | |  0.8
Stealth        | |  0.3
Spellcasting   | |  1.5

Action                   |  1- 3 |  4- 6 || total
-------------------------+-------+-------++-------
Melee: Unarmed           |    66 |   199 ||   265
       Punch             |       |     3 ||     3
  Use: Potion            |       |     5 ||     5
Armor: Robe              |    32 |    77 ||   109
Dodge: Dodged            |    25 |   148 ||   173

Table legend: (Time is in decaauts)
 A = Elapsed time spent in this place.
 B = Non-inter-level travel time spent in this place.
 C = Inter-level travel time spent in this place.
 D = Time resting spent in this place.
 E = Time spent auto-exploring this place.
 F = Levels seen in this place.
 G = Mean time per level.
                   A        B        C        D        E       F      G
               +--------+--------+--------+--------+--------+-----+--------+
         Total |   1807 |   1753 |     54 |      4 |   1046 |   7 |  258.1 |
       Dungeon |   1349 |   1301 |     48 |      0 |    861 |   5 |  269.8 |
        Temple |     15 |      9 |      6 |      0 |      0 |   1 |   15.0 |
         Sewer |    442 |    442 |      0 |      4 |    184 |   1 |  442.0 |
               +--------+--------+--------+--------+--------+-----+--------+

Top non-repeatable levels by time:
     D:4: 595 daAuts
   Sewer: 442 daAuts
     D:2: 289 daAuts
     D:5: 263 daAuts
     D:3: 157 daAuts
     D:1: 43 daAuts
  Temple: 15 daAuts
